 Dungeon Crawl Stone Soup version 0.21.1-1-g345015f (webtiles) character file.

2724 inc the Thaumaturge (level 9, -6/51 HPs)
             Began as an Octopode Ice Elementalist on Mar 16, 2018.
             Was an Initiate of Gozag.
             Mangled by a two-headed ogre
             ... wielding a +0 giant club
              (10 damage)
             ... on level 9 of the Dungeon.
             The game lasted 00:24:28 (11421 turns).

inc the Thaumaturge (Octopode Ice Elementalist)    Turns: 11421, Time: 00:24:29

Health: -6/51      AC:  5    Str:  7    XL:     9   Next: 67%
Magic:  19/23      EV: 13    Int: 23    God:    Gozag
Gold:   457        SH:  0    Dex: 14    Spells: 16/28 levels left

rFire    . . .     SeeInvis .   u - +1 dagger (elec)
rCold    . . .     Gourm    .   (no shield)
rNeg     . . .     Faith    .   F - +2 hat
rPois    +         Spirit   .   (no amulet)
rElec    .         Reflect  .   m - ring of wizardry
rCorr    .         Harm     .   z - ring of stealth
MR       .....                  t - +2 ring of intelligence
Stlth    ++++......             B - +2 ring of dexterity
HPRegen  0.17/turn              q - ring of poison resistance
MPRegen  0.18/turn              (no ring)
                                (no ring)
                                (no ring)

@: no status effects
A: almost no armour, stealthy swim, amphibious, 8 rings, constrict 8, slimy
green scales 1, camouflage 1, blink, gelatinous body 1
a: Blink, Potion Petition, Call Merchant, Bribe Branch, Renounce Religion


You were on level 9 of the Dungeon.
You worshipped Gozag.
Gozag was aware of your devotion.
You were not hungry.

You visited 2 branches of the dungeon, and saw 10 of its levels.

You collected 1065 gold pieces.
You paid 608 gold pieces to Gozag.

Inventory:

Hand Weapons
 u - a +1 dagger of electrocution (weapon)
Armour
 F - a +2 hat (worn)
Jewellery
 m - a ring of wizardry (left tentacle)
 o - an uncursed ring of loudness
 q - a ring of poison resistance (on tentacle)
 t - a +2 ring of intelligence (on tentacle)
 z - a ring of stealth (right tentacle)
 B - a +2 ring of dexterity (on tentacle)
Wands
 n - a wand of enslavement (14)
 v - a wand of random effects (20)
 A - a wand of acid (7)
 G - a wand of polymorph (22)
Scrolls
 c - 3 scrolls of enchant weapon
 d - 2 scrolls of noise
 f - 5 scrolls of remove curse
 h - a scroll of amnesia {unknown}
 i - 2 scrolls of blinking {unknown}
 k - 5 scrolls of enchant armour
 r - 4 scrolls of magic mapping
 s - 2 scrolls of random uselessness
 y - 4 scrolls of teleportation
Potions
 e - a potion of lignification
 g - 5 potions of haste
 j - a potion of agility {unknown}
 l - 2 potions of ambrosia
 p - a potion of flight
 w - a potion of magic
 C - a potion of invisibility
 D - a potion of curing
Books
 a - a book of Frost

   Spells                             Type                      Level
   a - Freeze                         Ice                          1
   b - Throw Frost                    Conjuration/Ice              2
   c - Ozocubu's Armour               Charms/Ice                   3
   d - Throw Icicle                   Conjuration/Ice              4
   e - Summon Ice Beast               Ice/Summoning                4
 E - a book of Conjurations

   Spells                             Type                      Level
   a - Magic Dart                     Conjuration                  1
   b - Searing Ray                    Conjuration                  2
   c - Dazzling Spray                 Conjuration/Hexes            3
   d - Fulminant Prism                Conjuration/Hexes            4
   e - Force Lance                    Conjuration/Translocation    4
   f - Iskenderun's Mystic Blast      Conjuration                  4
Comestibles
 b - 3 rations


   Skills:
 - Level 2.0 Dodging
 - Level 2.6 Stealth
 + Level 10.2 Spellcasting
 - Level 1.0 Conjurations
 - Level 4.8 Summonings
 - Level 5.5 Ice Magic


You had 16 spell levels left.
You knew the following spells:

 Your Spells              Type           Power        Failure   Level  Hunger
a - Freeze                Ice            ####         1%          1    None
b - Ozocubu's Armour      Chrm/Ice       ###.....     2%          3    None
c - Throw Icicle          Conj/Ice       ####....     6%          4    #......
d - Summon Ice Beast      Ice/Summ       #####...     2%          4    #......


Dungeon Overview and Level Annotations

Branches:
Dungeon (9/15)             Temple (1/1) D:5
   Lair: D:8-11         Orc: D:9-12

Altars:
Ashenzari
Dithmenos
Elyvilon
Fedhas
Gozag
Hepliaklqana
Kikubaaqudgha
Makhleb
Nemelex Xobeh
Okawaru
Qazlal
Ru
Sif Muna
Trog
Uskayaw
Vehumet
Wu Jian
Xom
Zin

Shops:
D:5 *   D:7 =

Annotations:
D:9 exclusion: obsidian statue


Innate Abilities, Weirdness & Mutations

You cannot wear most types of armour.
You are very stealthy in the water. (Stealth+)
You are amphibious.
You can wear up to eight rings at the same time.
You can use your tentacles to constrict eight enemies at once.
Your skin changes colour to match your surroundings (Stealth+).
Your rubbery body absorbs attacks. (AC +1, EV +1)
You are partially covered in slimy green scales. (AC +2)
You can translocate small distances at will.


Message History

Where to? (Enter - D:8, ? - help)
There is an open door here.
There is a stone staircase leading down here.
You climb downwards.
Level annotation: exclusion: obsidian statue
There is a stone staircase leading up here.
The helpless two-headed ogre fails to defend itself.
You puncture the two-headed ogre!
The two-headed ogre is lightly wounded.
The two-headed ogre closely misses you.
The two-headed ogre hits you with a giant club!
Casting: Ozocubu's Armour
Confirm with . or Enter, or press ? or * to list all spells.
A chill wind blows around you.
The two-headed ogre hits you with a giant club!!
Ouch! That really hurt!
* * * LOW HITPOINT WARNING * * *
The two-headed ogre hits you with a giant club!
You die...
Your body crumbles into a pile of gold.

####### #..........#
#####################.####....#
............................>.#
########.############.#####...#
#### #.# #.........# ..$# #.#
######....# ....# #.# #....###
..### #.# ######## #.#..... .##
#.# #..O@..# #.#.#### ## #.#
#.####Y# #.#.# # # ##.# #.
#.##### #.#.# # ##..####.
#....<###.#.# #
#..#...#.######.......#.# #
#.##...#.........######.# # ..#
#.##...########..#......# # ...
#.##...# #......#.###### # #..
#.##...# #......#.### #


You could see a two-headed ogre and a friendly ice beast.

Vanquished Creatures
  An orc warrior (D:3)
  An ice beast (D:7)
  2 sky beasts
  A wolf (D:8)
  3 centaurs (D:7)
  A big kobold (D:7)
  3 bullfrogs
  A wyvern skeleton (D:9)
  3 scorpions
  A howler monkey (D:4)
  A crimson imp (D:6)
  A bullfrog zombie (D:9)
  A centaur zombie (D:9)
  2 bullfrog skeletons
  2 orc priests (D:4)
  5 hounds
  Terence (D:3)
  Natasha (thrice) (D:3)
  An iguana (D:8)
  4 orc wizards
  3 worker ants
  A worker ant zombie (D:6)
  5 gnolls
  9 adders
  2 shadow imps (D:7)
  An ooze (D:1)
  2 adder skeletons
  3 adder zombies
  A worm (D:2)
  4 leopard geckos
  21 orcs
  4 ball pythons
  6 giant cockroaches
  9 goblins
  14 hobgoblins
  10 jackals
  3 quokkas
  7 bats
  9 frilled lizards
  A giant cockroach zombie (D:5)
  16 kobolds
  A quokka zombie (D:3)
  6 rats
176 creatures vanquished.

Vanquished Creatures (collateral kills)
  A two-headed ogre (D:8)
  A vampire (D:9)
  A hornet zombie (D:9)
  A bullfrog (D:7)
  A jelly (D:9)
  A hound (D:9)
  A shadow imp (D:6)
  An orc (D:3)
8 creatures vanquished.

Grand Total: 184 creatures vanquished

Notes
Turn   | Place    | Note
-------+----------+-------------------------------------------
     0 | D:1      | inc the Octopode Ice Elementalist began the quest for the Orb.
     0 | D:1      | Reached XP level 1. HP: 11/11 MP: 3/3
   462 | D:1      | Reached XP level 2. HP: 16/17 MP: 5/5
   779 | D:1      | Reached skill level 3 in Spellcasting
  1008 | D:1      | Reached XP level 3. HP: 16/21 MP: 3/7
  1474 | D:2      | Reached XP level 4. HP: 26/27 MP: 5/9
  1581 | D:2      | Reached skill level 4 in Spellcasting
  2536 | D:3      | Noticed Natasha
  2751 | D:4      | Reached XP level 5. HP: 28/31 MP: 6/12
  2755 | D:4      | Reached skill level 5 in Spellcasting
  2801 | D:3      | Gained mutation: You are partially covered in slimy green scales. (AC +2) [potion of mutation]
  2801 | D:3      | Gained mutation: You can translocate small distances at will. [potion of mutation]
  3136 | D:3      | Killed Natasha
  3136 | D:3      | Reached XP level 6. HP: 36/36 MP: 4/14
  3225 | D:3      | Found a shadowy altar of Dithmenos.
  3226 | D:3      | Noticed Terence
  3271 | D:4      | Learned a level 3 spell: Ozocubu's Armour
  3276 | D:4      | Learned a level 4 spell: Throw Icicle
  3281 | D:4      | Learned a level 4 spell: Summon Ice Beast
  3657 | D:4      | Found an iron altar of Okawaru.
  3865 | D:5      | Entered Level 5 of the Dungeon
  3986 | D:5      | Reached XP level 7. HP: 20/41 MP: 3/15
  4161 | D:5      | Found a staircase to the Ecumenical Temple.
  4245 | Temple   | Entered the Ecumenical Temple
  4338 | Temple   | Became a worshipper of Gozag Ym Sagoz the Greedy
  4495 | D:5      | Found Zaxzoxzots's Assorted Antiques.
  4562 | D:5      | Reached skill level 5 in Ice Magic
  4945 | D:6      | Reached skill level 1 in Summonings
  6357 | D:7      | Found an ornate altar of the Wu Jian Council.
  6411 | D:7      | Reached XP level 8. HP: 42/46 MP: 11/16
  6589 | D:7      | Reached skill level 6 in Spellcasting
  7093 | D:8      | Reached skill level 7 in Spellcasting
  7410 | D:8      | Noticed a two-headed ogre
  7436 | D:8      | Killed a two-headed ogre
  7436 | D:8      | Reached skill level 8 in Spellcasting
  7436 | D:8      | Reached XP level 9. HP: 36/51 MP: 4/21
  7991 | D:3      | Killed Terence
  8322 | D:3      | Noticed Natasha
  8331 | D:3      | Killed Natasha
  8331 | D:3      | Reached skill level 9 in Spellcasting
  8576 | D:3      | Noticed Natasha
  8588 | D:3      | Killed Natasha
  9938 | D:8      | Found a shattered altar of Ashenzari.
 10096 | D:8      | Noticed a troll
 10175 | D:9      | Noticed a two-headed ogre
 10238 | D:9      | Noticed an obsidian statue
 10744 | D:8      | Reached skill level 10 in Spellcasting
 11421 | D:9      | Mangled by a two-headed ogre

Skill      XL: |  1  2  3  4  5  6  7  8  9 |
---------------+----------------------------+-----
Spellcasting   | 3 4 5 8 10 | 10.2
Ice Magic      | 4 5 |  5.5
Summonings     | 4 |  4.8
Dodging        | |  2.0
Stealth        | |  2.6
Conjurations   | |  1.0

Action                   |  1- 3 |  4- 6 |  7- 9 || total
-------------------------+-------+-------+-------++-------
Melee: Unarmed           |    26 |    19 |   134 ||   179
       Constrict         |     5 |     8 |    21 ||    34
       Tentacles         |     2 |    11 |    33 ||    46
       Dagger            |       |       |     1 ||     1
 Cast: Freeze            |    39 |   119 |   186 ||   344
       Ozocubu's Armour  |       |     1 |    16 ||    17
       Summon Ice Beast  |       |       |    12 ||    12
       Throw Icicle      |       |       |     8 ||     8
Invok: Call Merchant     |       |       |     1 ||     1
 Abil: Blink             |       |     2 |       ||     2
  Use: Potion            |       |     2 |     7 ||     9
       Scroll            |       |       |     9 ||     9
 Stab: Sleeping          |     4 |     4 |     8 ||    16
  Eat: Chunk             |     2 |     7 |     1 ||    10
       Ration            |       |       |     7 ||     7
Armor: Skin              |     4 |    20 |    96 ||   120
Dodge: Dodged            |    37 |    92 |   185 ||   314
